 Dungeon Crawl Stone Soup version 0.29-a0-356-g7bc237e783 (webtiles) character file.

Game seed: 1034694341109310619

771 spaghetti the Caller (level 7, -3/46 HPs)
             Began as a Demonspawn Summoner on Apr 25, 2022.
             Was an Initiate of Cheibriados.
             Killed from afar by Ijyb (27 damage)
             ... with a bolt of acid
             ... on level 5 of the Dungeon.
             The game lasted 00:08:05 (5789 turns).

spaghetti the Caller (Demonspawn Summoner)          Turns: 5789, Time: 00:08:06

Health: -3/46      AC:  3    Str:  9    XL:     7   Next: 53%
Magic:  8/14       EV: 12    Int: 22    God:    Cheibriados [......]
Gold:   148        SH:  0    Dex: 14    Spells: 5/15 levels left

rFire   . . .      SeeInvis .   h - +0 short sword {short}
rCold   . . .      Faith    .   (no shield)
rNeg    . . .      Spirit   .   a - +0 robe
rPois   .          Reflect  .   (no helmet)
rElec   .          Harm     .   C - +0 cloak
rCorr   .          Rampage  .   (no gloves)
Will    .....                   (no boots)
Stlth   +.........              (no amulet)
HPRegen 0.15/turn               t - +4 ring of protection
MPRegen 0.14/turn               r - ring of wizardry

@: confused, ambrosia-drunk, corroded, very slightly contaminated, very slow
A: hooves 1, big brain 1, demonic magic 2
a: Renounce Religion


You were on level 5 of the Dungeon.
You worshipped Cheibriados.
Cheibriados was noncommittal.
You visited 2 branches of the dungeon, and saw 6 of its levels.

You collected 148 gold pieces.


Innate Abilities, Weirdness & Mutations

You have large cloven feet.
You have an unusually large brain. (Int +2)
Spells you cast may paralyse nearby enemies.


   Skills:
 + Level 2.5 Short Blades
 - Level 1.7 Dodging
 + Level 3.5 Stealth
 * Level 4.6 Spellcasting
 * Level 6.7 Summonings


You had 5 spell levels left.
You knew the following spells:

 Your Spells              Type           Power      Damage    Failure   Level
a - Summon Small Mammal   Summ           100%       N/A       1%          1
b - Call Imp              Summ           34%        N/A       1%          2
c - Call Canine Familiar  Summ           34%        N/A       1%          3
d - Summon Lightning Spi  Summ/Air       20%        N/A       11%         4

Your spell library contained the following spells:

 Spells                   Type           Power      Damage    Failure   Level
 Summon Guardian Golem    Hex/Summ       20%        N/A       3%          3
 Scorch                   Fire           10%        2d6       6%          2
 Flame Wave               Conj/Fire      5%         2d5       38%         4
 Summon Cactus Giant      Summ           17%        N/A       36%         6

Inventory:

Hand Weapons
 h - a +0 short sword (weapon) {short}
   (You took it off a kobold on level 1 of the Dungeon)
Missiles
 e - 175 stones {throwing}
 u - 6 poisoned darts {throwing}
 B - 2 curare-tipped darts {=fthrowing}
Armour
 a - a +0 robe (worn)
 C - a +0 cloak (worn)
   (You found it on level 4 of the Dungeon)
Jewellery
 l - a ring of ice
   (You found it on level 1 of the Dungeon)
 r - a ring of wizardry (right hand)
   (You found it on level 2 of the Dungeon)
 t - a +4 ring of protection (left hand)
   (You found it on level 2 of the Dungeon)
Wands
 A - a wand of flame (16)
   (You found it on level 3 of the Dungeon)
 F - a wand of iceblast (5)
   (You took it off a centaur on level 5 of the Dungeon)
Scrolls
 c - a scroll of amnesia {unknown}
 f - a scroll of identify {unknown}
 g - 2 scrolls of immolation {unknown}
 j - a scroll of noise {unknown}
 n - 2 scrolls of teleportation {unknown}
 o - a scroll of enchant weapon {unknown}
 s - 2 scrolls of summoning {unknown}
 w - a scroll of brand weapon {unknown}
 x - a scroll of vulnerability {unknown}
 y - a scroll of fog {unknown}
 z - a scroll of blinking {unknown}
Potions
 b - a potion of magic
 i - 3 potions of curing {unknown}
 k - 2 potions of heal wounds {unknown}
 m - a potion of lignification {unknown}
 p - a potion of experience {unknown}
 q - 2 potions of berserk rage {unknown}
 v - a potion of attraction {unknown}
 D - a potion of brilliance {unknown}
 E - a potion of flight {unknown}

Dungeon Overview and Level Annotations

Branches:
Dungeon (5/15)             Temple (1/1) D:4

Altars:
Cheibriados
Dithmenos
Hepliaklqana
Makhleb
Nemelex Xobeh
Okawaru
Qazlal
Sif Muna
Trog
Vehumet
Yredelemnul
Zin
The Shining One

Shops:
D:1 [   D:2 [   D:5 ((

Annotations:
D:5 Ijyb

.##........# #...........#.......
.##........# #...........#.......
.##........# ######.#............
.##........# #.#............
...........# #.#..#.........
.##........# ############.......
...........# ##.#_# # ###.##..
.##..##....###8X#.#.#.#. #.##..
...........##..)@g...... #^....
...........##....8...... #.##..
..............8.#.#.#.#. #.##..
..##.##.##..###_#⌠# # #.....
..+.........######### #..#..
..#####.#.....[# #..# #..... ..#
#.##.#...###..########..#.# ..#
####.<..............##....#
##########.#...###..#####.##....#


You could see a nameless horror, Ijyb (ally target) and a friendly lightning
spire (summoned).


Message History

You now have 148 gold pieces (gained 9).
Key pressed, stopping explore.
You see here a +0 long sword {long}.
Key pressed, stopping explore.
There is a shaft here.
As you open the door, it creaks loudly! 😎 HP[+2] MP[+1]
Your hp is fully restored (46).
Your mp is fully restored (13).
Found a stone staircase leading down.
A hound comes into view.
A hound is nearby!
A hound is nearby!
A hound is nearby!
The helpless hound fails to defend itself.
You puncture the hound! The hound closely misses you.
You closely miss the hound. You kick the hound, but do no damage.
The hound bites you but does no damage. The hound completely misses you.
You barely miss the hound. Your kick misses the hound.
The hound barely misses you.
You closely miss the hound. You kick the hound, but do no damage.
The hound bites you. 😕 HP[-1]
You take 1 damage, and now have 45/46 hp.
You hit the hound. Your kick misses the hound. The hound barely misses you. x2
You closely miss the hound. You kick the hound, but do no damage.
The hound bites you but does no damage.
You hit the hound.
You kill the hound!
Cheibriados thoroughly appreciates the change of pace.
No target in view!
No target in view!
There is an open door here.
Key pressed, stopping explore.
Things that are here:
a +0 trident {polearm}; a +0 robe; 😎 HP[+1] MP[+1]
Your hp is fully restored (46).
Your mp is fully restored (14).
Key pressed, stopping explore.
Found a hazy altar of Hepliaklqana.
Ijyb the Twisted Goblin comes into view.
She is wielding a +0 club and carrying a wand of acid (8).
Found a radiant altar of Vehumet.
Ijyb shouts!
Ijyb zaps a wand.
The bolt of acid misses you.
Casting: Summon Small Mammal (safe; 1% risk of failure)
Confirm with . or Enter, or press ? or * to list all spells.
The spell is quite dangerous to miscast (11% risk of failure)!
Continue anyway?
You miscast Summon Lightning Spire.
You are very lightly contaminated with residual magic.
Desperate hands claw out at you.
A nameless horror comes into view. 😎 MP[-4]
You lost 4 mp, and now have 10/14 mp.
Casting: Summon Lightning Spire (quite dangerous; 11% risk of failure)
Confirm with . or Enter, or press ? or * to list all spells.
The spell is quite dangerous to miscast (11% risk of failure)!
Continue anyway?
An electric hum fills the air.
Malevolent energies surge around you.
The nameless horror misses you. 😎 MP[-4]
You lost 4 mp, and now have 6/14 mp.
You hit the nameless horror.
Ijyb zaps a wand.
The bolt of acid misses you.
The bolt of acid hits your lightning spire!!
The acid corrodes your lightning spire!
Your lightning spire is destroyed!
Your lightning spire disappears in a puff of smoke!
Unknown command.
Casting: Summon Lightning Spire (quite dangerous; 11% risk of failure)
Confirm with . or Enter, or press ? or * to list all spells.
The spell is quite dangerous to miscast (11% risk of failure)!
Continue anyway?
An electric hum fills the air.
Malevolent energies surge around you.
The nameless horror hits you but does no damage. 😎 MP[-4]
You lost 4 mp, and now have 2/14 mp.
You hit the nameless horror but do no damage.
The nameless horror barely misses you.
Ijyb zaps a wand.
The bolt of acid hits you!!
Ouch! That really hurt!
* * * LOW HITPOINT WARNING * * *
The acid corrodes you! 😨 HP[-27]
You take 27 damage, and now have 19/46 hp.
MASSIVE DAMAGE!! (PAUSE) It was a potion of ambrosia.
You are confused.
You feel invigorated.
Send 'em back where they came from!
Your lightning spire shudders. 😮 HP[+5] MP[+4]
You regained 5 hp, and now have 24/46 hp.
You regained 4 mp, and now have 6/14 mp.
Unknown command.
Are you sure you want to stumble around while confused and next to your lightning spire?
You hit the nameless horror but do no damage.
Your kick misses the nameless horror. The nameless horror hits you.
You feel your power leaking away.
Ijyb zaps a wand.
The bolt of acid hits you!!
Ouch! That really hurt!
You die...

Skill      XL: |  1  2  3  4  5  6 |
---------------+-------------------+-----
Summonings     | 5 6 |  6.7
Stealth        | 2 3 |  3.5
Spellcasting   | 3 4 |  4.6
Short Blades   | 1 2 |  2.5
Dodging        | |  1.7

Action                   |  1- 3 |  4- 6 |  7- 9 || total
-------------------------+-------+-------+-------++-------
Melee: Unarmed           |    18 |       |       ||    18
       Short sword       |    53 |    45 |    17 ||   115
       Kick              |     4 |    10 |     4 ||    18
       Punch             |     1 |     1 |       ||     2
 Cast: Summon Small Mamm |    49 |    32 |     4 ||    85
       Call Imp          |     1 |     7 |     2 ||    10
       Summon Lightning  |       |     5 |     6 ||    11
Evoke: Wand              |       |     1 |       ||     1
  Use: Potion            |       |       |     1 ||     1
 Stab: Sleeping          |     8 |       |     2 ||    10
       Paralysed         |    29 |    15 |     2 ||    46
       Distracted        |     1 |       |       ||     1
Armor: Robe              |    17 |    23 |     7 ||    47
Dodge: Dodged            |    55 |    21 |    16 ||    92

Levels and vault maps discovered:
D:1:      evilmike_arrival_hilbert_curve, layout_basic, serial_shops, shop
D:2:      layout_loops_ring, serial_shops, nicolae_square_shop
D:3:      layout_loops_cross, mainiacjoe_overflow_catch_the_wave,
          grunt_decor_clamped, minmay_cupped
D:4:      layout_layer_cave, minmay_temple_entry_mist, minmay_misc_feat_iff
D:5:      layout_basic, minitemple, grunt_qazlal_clouds, serial_shops,
          nicolae_diamond_shop, shop, shop, uniq_blork_the_orc, uniq_ijyb
Temple:   compressed_dpeg_triangle_lava_temple

Notes
Turn   | Place    | Note
-------+----------+-------------------------------------------
     0 | D:1      | spaghetti the Demonspawn Summoner began the quest for the
                  | Orb.
     0 | D:1      | Reached XP level 1. HP: 13/13 MP: 3/3
     0 | D:1      | magus.rc [v1.9.6]
   145 | D:1      | You pick up a book of Scorching and begin reading...
   145 | D:1      | You add the spells Scorch, Flame Wave and Summon Cactus
                  | Giant to your library.
   239 | D:1      | Found Suset's Antique Armour Shop.
   502 | D:1      | Gained mutation: Spells you cast may paralyse adjacent
                  | enemies. [demonic ancestry]
   502 | D:1      | Reached XP level 2. HP: 19/19 MP: 1/5
  1150 | D:1      | Learned a level 2 spell: Call Imp
  1369 | D:2      | Gained mutation: You have large cloven feet. [demonic
                  | ancestry]
  1369 | D:2      | Reached XP level 3. HP: 24/24 MP: 4/6
  1373 | D:2      | Learned a level 3 spell: Call Canine Familiar
  2010 | D:2      | Reached skill level 5 in Summonings
  2232 | D:2      | Found Wiur's Armour Shop.
  2465 | D:3      | Reached skill level 2 in Stealth
  2465 | D:3      | Gained mutation: Spells you cast may paralyse nearby
                  | enemies. [demonic ancestry]
  2465 | D:3      | Reached XP level 4. HP: 30/30 MP: 3/7
  2646 | D:3      | Found a basalt altar of Yredelemnul.
  2695 | D:3      | Found an iron altar of Okawaru.
  3090 | D:4      | Noticed a scorpion
  3100 | D:4      | Killed a scorpion
  3101 | D:4      | Reached skill level 3 in Spellcasting
  3101 | D:4      | Reached XP level 5. HP: 30/35 MP: 1/9
  3237 | D:4      | Reached skill level 1 in Short Blades
  3259 | D:4      | HP: 8/35 [something/puff of flame (6)]
  3686 | D:4      | Noticed a sky beast
  3716 | D:4      | HP: 5/35 [sky beast (6)]
  3717 | D:4      | Killed a sky beast
  3718 | D:4      | Gained mutation: You have an unusually large brain. (Int
                  | +2) [demonic ancestry]
  3718 | D:4      | Reached XP level 6. HP: 7/41 MP: 0/11
  3984 | D:4      | Learned a level 4 spell: Summon Lightning Spire
  4059 | D:4      | Found a staircase to the Ecumenical Temple.
  4066 | Temple   | Entered the Ecumenical Temple
  4104 | Temple   | Became a worshipper of Cheibriados the Contemplative
  4333 | D:4      | Reached skill level 6 in Summonings
  4937 | D:5      | Entered Level 5 of the Dungeon
  4952 | D:5      | Found Waskun's Antique Weapon Shoppe.
  5050 | D:5      | Found a stormy altar of Qazlal.
  5138 | D:5      | Noticed a water moccasin
  5143 | D:5      | Killed a water moccasin
  5144 | D:5      | Reached skill level 2 in Short Blades
  5144 | D:5      | Reached skill level 3 in Stealth
  5144 | D:5      | Reached skill level 4 in Spellcasting
  5144 | D:5      | Reached XP level 7. HP: 46/46 MP: 4/13
  5297 | D:5      | Noticed Blork the orc
  5302 | D:5      | Found Texarchyg's Antique Weapon Shop.
  5305 | D:5      | Killed Blork the orc
  5777 | D:5      | Found a hazy altar of Hepliaklqana.
  5781 | D:5      | Noticed Ijyb
  5782 | D:5      | Found a radiant altar of Vehumet.
  5789 | D:5      | Killed from afar by Ijyb

Vanquished Creatures
  A sky beast (D:4)
  An ogre (D:4)
  2 hounds (D:5)
  3 adders
  A shadow imp (D:4)
  A dart slug (D:3)
  2 orcs (D:4)
  3 endoplasms
  2 giant cockroaches
  3 hobgoblins (D:2)
  A kobold (D:2)
  3 quokkas
  4 ball pythons
  3 bats
  4 frilled lizards
  3 goblins
  3 rats
40 creatures vanquished.

Vanquished Creatures (collateral kills)
  A water moccasin (D:5)
  A centaur (D:5)
  Blork the orc (D:5)
  A scorpion (D:4)
  A howler monkey (D:4)
  2 hounds
  An orc wizard (D:4)
  2 adders
  A worm (D:2)
  A dart slug (D:4)
  An endoplasm (D:1)
  A giant cockroach (D:1)
  4 goblins
  2 hobgoblins (D:4)
  A quokka (D:1)
  A frilled lizard (D:2)
  2 kobolds (D:1)
24 creatures vanquished.

Vanquished Creatures (others)
  40 fungi (D:3)
40 creatures vanquished.

Grand Total: 104 creatures vanquished

Table legend:
 A = Non-vault XP
 B = Vault XP
 C = Vault XP percentage of total XP
 D = Non-vault monster count
 E = Vault monster count
 F = Vault count percentage of total count
                 A         B        C        D         E       F
            +---------+---------+-------+---------+---------+-------
      Total |     990 |     112 |  10.2 |      59 |       5 |   7.8
            +---------+---------+-------+---------+---------+-------
        D:1 |      24 |       0 |   0.0 |      16 |       0 |   0.0
        D:2 |      47 |       0 |   0.0 |      13 |       0 |   0.0
        D:3 |      26 |      18 |  40.9 |       8 |       4 |  33.3
        D:4 |     489 |       0 |   0.0 |      16 |       0 |   0.0
        D:5 |     404 |      94 |  18.9 |       6 |       1 |  14.3
            +---------+---------+-------+---------+---------+-------

Illustrated notes

Table legend:
 A = Kills in this place as a percentage of kills in entire the game.
 B = Kills by you in this place as a percentage of kills by you in the entire game.
 C = Kills by friends in this place as a percentage of kills by friends in the entire game.
 D = Other kills in this place as a percentage of other kills in the entire game.
 E = Experience gained in this place as a percentage of experience gained in the entire game.
 F = Experience gained in this place divided by the number of levels of this place that you have seen.
                   A       B       C       D       E      F
               +-------+-------+-------+-------+-------+----------------------
         Total | 100.0 | 100.0 | 100.0 |   N/A | 100.0 | 183.7
       Dungeon | 100.0 | 100.0 | 100.0 |   N/A | 100.0 | 220.4
               +-------+-------+-------+-------+-------+----------------------

Table legend: (Time is in decaauts)
 A = Elapsed time spent in this place.
 B = Non-inter-level travel time spent in this place.
 C = Inter-level travel time spent in this place.
 D = Time resting spent in this place.
 E = Time spent auto-exploring this place.
 F = Levels seen in this place.
 G = Mean time per level.
                   A        B        C        D        E       F      G
               +--------+--------+--------+--------+--------+-----+--------+
         Total |   6142 |   5921 |    221 |    388 |   4895 |   6 | 1023.7 |
       Dungeon |   6095 |   5883 |    212 |    388 |   4874 |   5 | 1219.0 |
        Temple |     47 |     39 |      8 |      0 |     21 |   1 |   47.0 |
               +--------+--------+--------+--------+--------+-----+--------+

Top non-repeatable levels by time:
     D:4: 2021 daAuts
     D:1: 1165 daAuts
     D:2: 1123 daAuts
     D:5: 1010 daAuts
     D:3: 774 daAuts
  Temple: 47 daAuts
